Map: Wieczne Imperium ER

Players

LingMaster - Winner!

  • Race: Zerg Zerg
  • League: Diamond
  • Spawn Location: 7:00

Legol

  • Race: Protoss Protoss
  • League: Platinum
  • Spawn Location: 1:00

VOD

Have the link to the VOD?

Description

Time

  • Played on: Jan. 8, 2020, 3:46 p.m.
  • Length: 5:06
Show
View Real Time Build Order
Export as new Build Order

LingMaster Zerg - Winner!

Build Orders: Hatch First 

Get SALT Encoding   

  12  0:01  Drone  
  13  0:09  Drone  
  14  0:17  Overlord  
  14  0:36  Drone  
  14  0:42  Drone  
  16  0:51  Hatchery  
  15  0:58  Drone  
  15  0:59  Drone  
  15  1:01  Drone  
  18  1:09  Drone  
  19  1:13  Extractor  
  18  1:21  Spawning Pool  
  18  1:23  Drone  
  18  1:31  Drone  
  19  1:42  Drone  
  20  1:52  Overlord  
  20  2:04  Drone  
  20  2:08  Queen  
  23  2:12  Roach Warren  
  22  2:25  Spine Crawler  
  22  2:28  Overlord  
  22  2:29  Overlord  
  21  2:46  Queen  
  23  2:52  Roach x3  
  29  3:04  Roach  
  31  3:07  Queen  
  33  3:30  Roach x2  
  33  3:31  Queen  
  39  3:35  Roach  
  41  3:54  Ravager  
  38  4:16  Roach  
  40  4:17  Roach x3  
Show
View Real Time Build Order
Export as new Build Order

Legol Protoss 

Build Orders: 1 Gate Expand 

Get SALT Encoding   

  12  0:01  Probe  
  13  0:13  Probe  
  14  0:24  Pylon  
  14  0:25  Probe  
  15  0:42  Probe (Chrono Boost)  
  16  0:46  Gateway  
  16  0:54  Probe (Chrono Boost)  
  16  0:55  Assimilator  
  17  0:59  Probe (Chrono Boost)  
  18  1:08  Probe  
  19  1:34  Nexus  
  19  1:41  Cybernetics Core  
  19  1:49  Pylon  
  19  1:55  Zealot (Chrono Boost)  
  21  2:20  Warp Gate  
  21  2:30  Robotics Facility  
  21  2:33  Gateway  
  21  2:36  Pylon  
  21  2:39  Pylon  
  21  2:44  Probe (Chrono Boost), Assimilator  
  22  2:51  Adept  
  22  2:53  Probe (Chrono Boost)  
  25  2:58  Probe (Chrono Boost)  
  26  3:10  Probe  
  27  3:21  Gateway  
  27  3:22  Probe  
  27  3:25  Immortal (Chrono Boost)  
  32  3:38  Shield Battery  
  32  3:53  Stalker (Chrono Boost)  
  34  3:57  Stalker (Chrono Boost)  
  28  4:19  Stalker  
  25  4:33  Stalker x2  
Tags
 
Add a new tag
Caveats
  • Supply blocks, unpowered buildings, or Contaminate may cause inaccurate times.
  • Supply counts are checked every 10 seconds.